[Event "AI Cup Div-1 2023"]
[Site "Online"]
[Date "2023.09.29"]
[Round "5.1"]
[White "Carlsen, Magnus"]
[Black "Vachier-Lagrave, Maxime"]
[Result "0-1"]
[Annotator "TA"]
[ECO "D20"]
[WhiteElo "2839"]
[BlackElo "2727"]
[PlyCount "114"]
[EventDate "2023.09.18"]
[EventType "k.o."]
[EventCountry "NET"]
[SourceTitle "playchess.com"]
[Source "ChessBase"]
[SourceQuality "1"]
[TimeControl "900+3"]

1. d4 d5 2. c4 dxc4 3. e4 e5 4. Nf3 Bb4+ 5. Nc3 Nf6 6. Nxe5 {[%emt 0:00:01] D20: Queen's Gambit Accepted: 3 e3 and 3 e4.} b5 {[%emt 0:00:01] Inhibits Qa4.} 7. f3 O-O 8. a3 {[%emt 0:00:01] White is slightly better.} (8. a4 $5 c6 9. Be3 $14) 8... Ba5 {[%emt 0:00:01] [#]} 9. Be3 $146 ({Predecessor:} 9. a4 a6 10. Be2 Nfd7 11. Be3 c6 12. Nxd7 Nxd7 13. O-O Bb7 14. Qe1 f5 15. exf5 Rxf5 {1-0 Firouzja,A (2785)-Mamedyarov,S (2738) Norway Chess 11th 2023 (2)}) 9... c5 10. dxc5 {[%emt 0:00:01] Threatens to win with Qxd8.} Qe8 11. Qd6 Be6 $1 12. O-O-O Qc8 {[%emt 0:00:33] [#] ...Bc7 is the strong threat.} 13. Nxb5 a6 $1 14. Nd4 Bc7 15. Nxe6 $1 Bxd6 16. Rxd6 fxe6 17. Bxc4 Re8 18. c6 {[%emt 0:00:16] Inhibits Nbd7.} Re7 19. Bb6 $1 Nbd7 $1 20. cxd7 Nxd7 21. Nc6 Re8 {[%emt 0:00:15] Black is weak on the dark squares} (21... Kh8 $11 22. Ba5 (22. Nxe7 $2 Qxc4+ 23. Kb1 Nxb6 $19) 22... Nf8) 22. Be3 $14 {[%emt 0:00:37][%cal Oh1d1][%mdl 1024] White has compensation.} (22. Bxe6+ $2 Rxe6 23. Rxe6 Nxb6 $19) (22. Rxe6 $2 Kf8 23. Rxe8+ Kxe8 $19) 22... Qc7 23. Rhd1 (23. Rxe6 $2 Kh8 24. Kb1 (24. Rxe8+ $2 Rxe8 25. Bd5 Nf6 $19) 24... Rxe6 25. Bxe6 Qxc6 $19) (23. Bxe6+ $2 Rxe6 24. Rxe6 Nf8 $19) 23... Nf8 24. Kb1 Kh8 25. h4 h6 26. g4 Qf7 27. Ne5 Qf6 28. Bd4 {[%emt 0:00:06] And now g5 would win.} Qxh4 29. Bxe6 {[%emt 0:00:16] Bd5 would be deadly.} Qh2 (29... Rxe6 30. Rxe6 Kh7 31. Rd6 $16) 30. Bd5 {[%emt 0:00:36] This pair of bishops is nice.} Kh7 (30... Rac8 $11 31. Nc4 (31. Rxa6 $2 Qc2+ 32. Ka2 Qxd1 $19) (31. Rc6 Rxc6 32. Nxc6 Ne6 $17) 31... Kh7) 31. g5 $2 (31. Bxa8 $14 {stays ahead.} Rxa8 32. Bc3) 31... Rac8 $19 32. Rc6 {[%emt 0:02:44] Prevents Qc2+.} (32. Rxa6 $2 Qc2+ 33. Ka2 Qxd1 $19) (32. Bf7 $17 {was forced.} Rxe5 33. g6+ Kh8 34. Bxe5 Qxe5 35. Rd8) 32... Rxc6 33. Nxc6 hxg5 (33... Qe2 $19 {has better winning chances.} 34. Rc1 h5) 34. Bf7 (34. e5 $142) 34... Rc8 $17 35. Be5 $2 (35. Bd5 $17 {nothing else works.}) 35... Qg2 $19 36. Nd4 g4 37. fxg4 Qxe4+ ({Black should try} 37... Nd7 $19 38. Bd6 Nb6) 38. Ka2 $17 Rd8 (38... Qxe5 $2 39. Rh1+) 39. Rf1 {[%emt 0:02:00] [#] Hoping for Nf3.} Qg2 {[%emt 0:00:51] Inhibits Nf3.} (39... Qxe5 $2 40. Rh1+) ({And not} 39... Rxd4 40. Bxd4 Ne6 41. Rf2 $15) ({Black should play} 39... Rd7 $1 $17 {[%cal Rd7f7] White must now prevent ...Rxf7.} 40. Nf3 Rxf7 41. Ng5+ Kg6 42. Nxe4 Rxf1) 40. Rf5 g6 {[%emt 0:00:27] Dodges Rh5+} ({Much less strong is} 40... Qxg4 41. Rh5+ $16) 41. Rf6 {[%emt 0:00:25] aiming for Nf3.} Qxg4 42. Nf3 {[%emt 0:00:10][%mdl 8192] White is now going downhill.} ({Better is} 42. Nc6 $1 $15 Rd3 43. Rf4) 42... Rd3 $19 43. Bd5 (43. Nd2 $142 Rxd2 44. Bb3) 43... Rxd5 44. Rf7+ Kh6 45. Bg7+ Kh5 {[%emt 0:00:03] ( -> ...Qc4+)} 46. Rxf8 Qc4+ 47. b3 Qe2+ 48. Bb2 Kg4 49. a4 Qxf3 {[%emt 0:00:11] Black mates.} 50. Rxf3 Kxf3 {[%emt 0:00:00] KR-KB} 51. b4 g5 52. Kb3 g4 53. Kc4 Ke4 54. b5 axb5+ 55. axb5 g3 56. b6 g2 57. b7 Rd8 {[%emt 0:00:03] Excellently played by Vachier-Lagrave!   Weighted Error Value: White=0.55/Black=0.17 (very precise)} (57... g1=R $2 58. b8=Q (58. b8=B {is a self mate.} Rb1 59. B8e5 Rxe5 60. Bxe5 Kxe5 61. Kc3 Ke4 62. Kc4 Rc1+ 63. Kb4 Kd5 64. Kb3 Kd4 65. Kb2 Rc3 66. Ka2 Kc4 67. Kb2 Kd3 68. Kb1 Rb3+ 69. Ka1 Kd2 70. Ka2 Kc2 71. Ka1 Ra3#) 58... Rgg5 59. Qa8 $18) 0-1

[Event "AI Cup Div-1 2023"]
[Site "Online"]
[Date "2023.09.29"]
[Round "5.2"]
[White "Vachier-Lagrave, Maxime"]
[Black "Carlsen, Magnus"]
[Result "1-0"]
[Annotator "TA"]
[ECO "B41"]
[WhiteElo "2727"]
[BlackElo "2839"]
[PlyCount "57"]
[EventDate "2023.09.18"]
[EventType "k.o."]
[EventCountry "NET"]
[SourceTitle "playchess.com"]
[Source "ChessBase"]
[SourceQuality "1"]
[TimeControl "900+3"]

1. e4 c5 2. Nf3 e6 3. d4 cxd4 4. Nxd4 a6 5. c4 Nf6 6. Nc3 Qc7 7. a3 b6 8. Bd3 Bb7 {[%emt 0:00:07] B41: Sicilian: Kan Variation: 5 c4.} 9. O-O Bd6 10. f4 {[%emt 0:00:45] e5 is the strong threat.} Bc5 {[%emt 0:00:26] White is slightly better.} 11. Be3 Nc6 12. Nc2 d6 {[%emt 0:00:13][%cal Bd7d6,Bd6c5,Bc5d4][%mdl 32] [#]} 13. Qd2 $146 ({Predecessor:} 13. Qf3 O-O 14. b4 Bxe3+ 15. Qxe3 Ne7 16. Rac1 b5 17. e5 dxe5 18. fxe5 Nd7 19. cxb5 Nxe5 {0-1 Reina Guerra,E (1876)-Biedermann,K (2065) PER LIPEAD40 pr-55 email 2012}) 13... O-O (13... Na5 $5 ) 14. Rae1 Ng4 15. Bxc5 dxc5 16. e5 Rad8 17. Qe2 Nh6 18. Rd1 Nd4 19. Nxd4 cxd4 20. Ne4 Nf5 {[%emt 0:00:02] Prevents Nd6. White must now prevent ...Ne3.} 21. Rf3 Bxe4 (21... Ne3 22. Nf6+ gxf6 23. Bxh7+ Kh8 24. Rg3 $18) 22. Bxe4 Ne3 23. Bxh7+ $2 Kxh7 $19 24. Rh3+ Kg8 25. Qh5 {[%emt 0:00:01][%csl Gh3][%cal Rh5h7] [#]} f5 $2 ({Black should try} 25... f6 $19 26. Qh7+ (26. exf6 $2 Rxf6 $19) 26... Kf7 27. exf6 Rg8) 26. Qh7+ $1 $11 ({Not} 26. exf6 $2 Rxf6 $19) 26... Kf7 {[%emt 0:00:02] Strongly threatening ...Rh8.} 27. Rh6 $1 Qxc4 $2 (27... Ke8 $11 28. Rxe6+ Kd7) 28. Rf6+ $18 ({Wrong is} 28. Qg6+ $2 Ke7 29. b3 Qxb3 30. Qxg7+ Rf7 31. Qg5+ Kd7 32. Rxd4+ Nd5 $19) 28... Ke8 29. Qxg7 {[%emt 0:00:01] White used his chance. Magnificent play by Vachier-Lagrave!   Weighted Error Value: White=0.33/Black=0.50} 1-0

[Event "AI Cup Div-1 2023"]
[Site "Online"]
[Date "2023.09.26"]
[Round "51.1"]
[White "Nakamura, Hikaru"]
[Black "Giri, Anish"]
[Result "0-1"]
[Annotator "TA"]
[ECO "A03"]
[WhiteElo "2780"]
[BlackElo "2760"]
[PlyCount "58"]
[EventDate "2023.09.18"]
[EventType "k.o."]
[EventCountry "NET"]
[SourceTitle "playchess.com"]
[Source "ChessBase"]
[SourceQuality "1"]
[TimeControl "900+3"]

1. b3 d5 2. Bb2 c5 (2... Bf5 3. Nf3 e6 4. g3 h6 5. Bg2 Nf6 6. Ne5 Be7 7. d3 O-O 8. Nd2 c6 9. e4 Bh7 10. Qe2 Nbd7 11. Nxd7 Nxd7 12. O-O a5 13. a4 Bf6 14. e5 Be7 15. Rfd1 b5 16. c4 Nc5 17. d4 Nd3 {½-½ Nakamura,H (2736)-Giri,A (2774) Speed Chess Chess.com INT blitz 2021 (2.35)}) 3. e3 Nf6 4. f4 g6 5. Bb5+ Bd7 6. Bxd7+ {[%emt 0:00:04] A03: Bird's Opening with 1...d5.} Qxd7 (6... Kxd7 7. c4 $16) 7. Nf3 Bg7 8. Qe2 {[%emt 0:00:16] The position is equal.} O-O 9. d3 Nc6 10. Nbd2 d4 {[%emt 0:00:21] Hoping for ...dxe3.} 11. e4 {[%emt 0:00:01] [#]} b5 $146 ({Predecessor:} 11... e5 12. Nxe5 Nxe5 13. fxe5 Ng4 14. Nf3 Ne3 15. Bc1 Bh6 16. Bxe3 Bxe3 17. c4 a6 {1-0 Krizsany,L (2347)-Turzo,A (2288) Budapest Vezerkepzo IM 03 2023 (3)}) 12. O-O Ng4 13. Rfe1 Bh6 {[%emt 0:01:49] Black is more active.} (13... Ne3 $6 14. Nf1 $11) 14. g3 {[%emt 0:00:01] [#]} e5 $1 15. fxe5 (15. f5 $17) 15... Rae8 (15... Ngxe5 16. a4 $15) (15... Ncxe5 16. Nxe5 Nxe5 17. Bc1 $15) (15... f5 $19 {and Black stays clearly on top. Threatens to win with ...Be3+.} 16. Rf1 Ncxe5 17. Nxe5 Nxe5) 16. a4 (16. Ba3 $17 Qe7 17. Kh1) 16... a6 (16... Ncxe5 17. axb5 Be3+ 18. Kg2 $17 (18. Kf1 $2 f5 $19)) (16... Be3+ $19 17. Kg2 Ncxe5 18. axb5 (18. Nxe5 $2 Rxe5 19. axb5 Rh5 $19) 18... Nxf3 19. Nxf3 f5) 17. axb5 axb5 18. Bc1 (18. Ba3 $17 {is a better defense.} b4 19. Bc1) 18... Be3+ (18... Ncxe5 19. Nxe5 Nxe5 20. Nf3 Bxc1 21. Nxe5 Rxe5 22. Rexc1 $15) 19. Kg2 Nf2 (19... Ncxe5 20. Nxe5 Nxe5 21. Nf3 $17) (19... f5 $19 {...f4 would be deadly.} 20. exf6 Rxf6) 20. Ng1 {[%emt 0:00:04] This costs White the game.} (20. Nf1 $17 {was worth a try.} Qh3+ 21. Kg1 Bxc1 22. Rexc1) 20... Nxe5 $19 {[%emt 0:00:06] ...f5 is the strong threat.} ({Weaker is} 20... Rxe5 21. Ndf3 f5 22. Bxe3 (22. Nxe5 Nxe5 23. Bxe3 dxe3 $11) 22... dxe3 23. Qxe3 $14 (23. Nxe5 Nxe5 24. Qxe3 fxe4 $11)) 21. Nf1 (21. Ndf3 {was the only chance.} Nxf3 22. Nxf3 Qh3+ 23. Kg1 Nxd3+ {[%mdl 64] Discovered Attack, Double Attack} 24. Bxe3 Nxe1 25. Qxe1 dxe3 26. Qxe3) 21... Bxc1 22. Raxc1 {[%emt 0:00:06] [#]} f5 $1 23. Qxf2 (23. Nd2 Neg4) 23... fxe4 {[%emt 0:00:03][%mdl 64] Discovered Attack} 24. Qd2 e3 25. Nxe3 Qc6+ (25... dxe3 $2 {is the wrong capture.} 26. Rxe3 Qd5+ 27. Re4 Nxd3 28. Qxd3 $19) 26. Kh3 dxe3 27. Rxe3 Qe6+ 28. Kg2 Qd5+ 29. Kh3 {[%emt 0:00:11] [#]} (29. Re4 $19 Nxd3 {[%mdl 64] Remove Defender} 30. Qxd3 Qxe4+ 31. Qxe4 Rxe4 32. h4) 29... Ng4 $1 {[%emt 0:00:10][%mdl 576] Discovered Attack. A cool game by Giri.   Weighted Error Value: White=0.56/Black=0.13 (very precise)} 0-1

[Event "AI Cup Div-1 2023"]
[Site "Online"]
[Date "2023.09.26"]
[Round "51.1"]
[White "Firouzja, Alireza"]
[Black "Lazavik, Denis"]
[Result "1-0"]
[Annotator "TA"]
[ECO "C54"]
[WhiteElo "2777"]
[BlackElo "2560"]
[PlyCount "79"]
[EventDate "2023.09.18"]
[EventType "k.o."]
[EventCountry "NET"]
[SourceTitle "playchess.com"]
[Source "ChessBase"]
[SourceQuality "1"]
[TimeControl "900+3"]

1. e4 e5 2. Nf3 Nc6 3. Bc4 Bc5 4. d3 Nf6 5. h3 d6 6. c3 a6 7. a4 {[%emt 0:00:04] C54: Giuoco Piano: 4 c3 Nf6, main lines with 5 d4 and 5 d3.} (7. b4 $5 Bb6 8. a4 $11) 7... h6 8. O-O O-O {[%emt 0:00:03] The old main line.} 9. Re1 {[%emt 0:00:05] The position is equal.} Re8 10. a5 $5 {[%emt 0:00:08][%mdl 4] A promising side line.} Ba7 11. Bb3 Be6 12. Ba4 Bd7 (12... d5 {looks sharper.} 13. exd5 Bxd5 14. Bxc6 bxc6 15. Nxe5 Qd6) 13. Nbd2 Ne7 (13... Nxa5 $2 14. Bxd7 Qxd7 15. Rxa5 $18) 14. Bc2 Ng6 15. d4 Bc6 16. Ra3 {[%emt 0:00:04] [#]} Rc8 $146 ({Predecessor:} 16... Qe7 17. b4 Rad8 18. Bb1 Qf8 19. d5 Bd7 20. c4 Nf4 21. Nf1 c6 22. Be3 Bxe3 23. fxe3 Ng6 {1-0 Antipov,M (2609)-Beradze,I (2475) FIDE World Uni Final 1st blitz 2021 (5)}) 17. b4 Nh7 18. Bb2 Ng5 19. c4 Bd7 20. dxe5 dxe5 21. c5 Bb5 {[%emt 0:00:53] Prevents Nc4} 22. Nxg5 Qxg5 23. Rg3 (23. Nf3 $11 Qe7 24. Bd3) 23... Qe7 ({Black should play} 23... Qf6 $1 $14) 24. Qh5 {[%emt 0:01:21] [#] Strongly threatening Bb3. White is more active.} Rcd8 $2 (24... Qf6 $16 {is a better defense.}) 25. Bb3 $1 $18 Kf8 26. Nf3 Nf4 27. Qxe5 ({Weaker is} 27. Qg4 Qf6 $14) (27. Qf5 $142 g6 28. Qxe5 Qxe5 29. Nxe5) 27... Qxe5 28. Bxe5 $40 {[%emt 0:00:17][%mdl 128] White goes for the king.} Nh5 {[%emt 0:00:17] Black is weak on the dark squares} 29. Rg4 Rd3 30. Re3 Rxe3 31. fxe3 g5 32. Bd5 (32. Bxc7 $18 {has better winning chances. Black must now prevent Bd6+.} Nf6 33. Bd6+ Kg8 34. Bd5 (34. Ne5 Kg7 $14)) 32... Be2 $2 {[%emt 0:00:20][%mdl 8192] [#]} (32... Bb8 $16 {is more resistant.}) 33. Bxc7 Nf6 (33... Bb8 {was necessary.}) 34. Bd6+ {[%emt 0:00:06] White is clearly winning.} Kg8 35. Bxb7 Nxg4 36. hxg4 Bb5 37. Nd4 Bd7 38. Bxa6 Rxe4 39. b5 Rxe3 40. b6 {[%emt 0:00:01] Weighted Error Value: White=0.12 (very precise) /Black=0.43} 1-0

[Event "AI Cup Div-1 2023"]
[Site "Online"]
[Date "2023.09.26"]
[Round "51.2"]
[White "Giri, Anish"]
[Black "Nakamura, Hikaru"]
[Result "1-0"]
[Annotator "TA"]
[ECO "B00"]
[WhiteElo "2760"]
[BlackElo "2780"]
[PlyCount "95"]
[EventDate "2023.09.18"]
[EventType "k.o."]
[EventCountry "NET"]
[SourceTitle "playchess.com"]
[Source "ChessBase"]
[SourceQuality "1"]
[TimeControl "900+3"]

1. e4 g6 2. d4 Bg7 3. Nf3 b6 4. Bd3 Bb7 5. O-O d6 6. Re1 {[%emt 0:00:04] B00: Queen's Fianchetto Defence, Nimzowitsch Defence.} Nd7 7. a4 a6 8. a5 {[%emt 0:00:26] White is slightly better.} b5 (8... c5 $14) 9. c4 $16 bxc4 10. Bxc4 e6 {[%emt 0:00:00] [#]} 11. d5 $146 ({Predecessor:} 11. Ra3 Ne7 12. Rb3 Rb8 13. Qe2 O-O 14. Bg5 h6 15. Bxe7 Qxe7 16. Nbd2 c5 17. d5 exd5 18. exd5 Qxe2 19. Rxe2 {½-½ Hamdouchi,H (2562)-Adly,A (2636) Africa-chT rapid 2019 (4.1)}) 11... e5 12. b4 Ne7 13. b5 O-O 14. Nc3 h6 15. bxa6 Bxa6 16. Qe2 Bc8 17. a6 f5 18. a7 {[%emt 0:00:02] White is much more active.} (18. Be3 $16) 18... g5 ({Black should play} 18... fxe4 $14 19. Qxe4 (19. Nxe4 Nb6 $16) 19... Nc5) 19. Ra3 f4 20. h3 Kh8 {[%emt 0:00:03] Black is weak on the light squares} 21. Bd2 Nb6 22. Nb5 Bd7 23. Bd3 Nec8 24. Rea1 Rf7 ({Better is} 24... c6 $14) 25. Bb4 Bf6 (25... c5 $142 26. dxc6 Bxc6) 26. Nh2 Kh7 (26... c5 $16) 27. Nc3 $36 {[%emt 0:00:08][%mdl 2048] White is on the roll.} c6 (27... Qg8 $142 28. Bb5 Qg6 29. Bxd7 Nxd7) 28. dxc6 (28. Qh5 Be8 $11) 28... Bxc6 29. Bb5 (29. Qh5 $6 Be8) 29... Bb7 (29... Qd7 $16 {was necessary.} 30. Qh5 (30. Bxc6 Qxc6 31. Qh5 Rb7 $16) 30... Rf8) 30. Qh5 Qf8 31. Be2 (31. Rd1 $142) 31... Bd8 (31... Bc6 {is a better defense.}) 32. Bg4 Nd7 $2 (32... Bc6 33. Nd5 (33. Bf5+ Rxf5 34. exf5 Qxf5 $16) 33... Be8) 33. Be6 Re7 34. Bf5+ Kh8 35. Ng4 Nf6 36. Qg6 Nxg4 37. hxg4 Qg7 38. Qxg7+ (38. Bxd6 $2 Qxg6 39. Bxe5+ Rxe5 $17) 38... Kxg7 39. Nd5 {[%emt 0:00:41] Against Bb6} (39. Nb5) 39... Bxd5 {[%emt 0:00:23] [#]} 40. exd5 ({Only move:} 40. Bxc8 $1 $18 Bxe4 41. Bxd6 (41. Bf5 Bxf5 42. gxf5 Rd7 $11) 41... Rxc8 42. Bxe7 Bxe7 43. a8=Q Bxa8 44. Rxa8 Rxa8 45. Rxa8) 40... Rc7 $2 {[%emt 0:00:00][%mdl 8192] This move loses the game for Black.} (40... Rexa7 $11 41. Rxa7+ Rxa7 42. Rxa7+ Nxa7) 41. Bxc8 Rcxc8 42. Bxd6 e4 (42... Bc7 $142 43. Rc3 Bxd6 44. Rxc8 {[%mdl 64] Remove Defender} Rxc8) 43. Rb1 {[%emt 0:00:11] Threatens to win with Rb7+.} e3 44. fxe3 fxe3 45. Rb7+ Kg8 46. Rxe3 {[%emt 0:00:03][%cal Re3e8] [#]} Bf6 47. Be5 ({Don't blunder} 47. Rb8 $2 Bd4 48. Kf2 Bxa7 $19) 47... Be7 48. Rxe7 {[%emt 0:00:01] Weighted Error Value: White=0.52/Black=0.68} 1-0

[Event "AI Cup Div-1 2023"]
[Site "Online"]
[Date "2023.09.26"]
[Round "51.2"]
[White "Lazavik, Denis"]
[Black "Firouzja, Alireza"]
[Result "1/2-1/2"]
[Annotator "TA"]
[ECO "E04"]
[WhiteElo "2560"]
[BlackElo "2777"]
[PlyCount "132"]
[EventDate "2023.09.18"]
[EventType "k.o."]
[EventCountry "NET"]
[SourceTitle "playchess.com"]
[Source "ChessBase"]
[SourceQuality "1"]
[TimeControl "900+3"]

1. d4 Nf6 2. c4 e6 3. Nf3 d5 4. g3 dxc4 5. Bg2 c5 6. O-O Nc6 7. Qa4 Bd7 8. Qxc4 cxd4 9. Nxd4 Rc8 10. Nc3 Nxd4 11. Qxd4 Bc5 12. Qh4 Bc6 13. Rd1 Qa5 {[%emt 0:00:04] E04: Open Catalan: 5 Nf3.} 14. Bg5 Be7 15. Bxc6+ Rxc6 {[%emt 0:00:03] White is slightly better.} 16. Ne4 {[%emt 0:00:08] 16.Rac1 might become the main line.} Qe5 17. Nxf6+ Bxf6 18. Bxf6 Qxf6 19. Qxf6 gxf6 20. Rac1 Rxc1 21. Rxc1 $14 {[%emt 0:00:01][%mdl 4096] [#] Endgame Strongly threatening Rc8+. KR-KR} Kd7 {[%emt 0:00:02] Dodges Rc8} 22. e4 Rg8 23. h4 {[%emt 0:00:07] Prevents Rg5} Rg4 24. Rd1+ Ke7 25. Re1 {[%emt 0:00:05] [#]} b5 $146 ({Predecessor:} 25... Rg8 26. Rc1 Rd8 27. Kg2 Rd7 28. Kf3 f5 29. exf5 exf5 30. Rc5 Kf6 31. Kf4 Rd4+ {½-½ Mishin,A (2336)-Stukalov,M (2244) RUS RC1/Ruby email 2018}) 26. Kg2 a5 27. Kf3 Rg8 28. Rc1 $1 {[%emt 0:00:06] Repels Rc8} Kd6 {[%emt 0:00:07] Repels Rc7} 29. g4 h6 30. Kf4 a4 31. f3 Rb8 32. Rc2 Rg8 33. Ke3 Rb8 34. Kd4 Ra8 35. Rc1 Rb8 36. Rc3 Ra8 37. Ke3 Rb8 38. f4 Rg8 {[%emt 0:00:15] The position is equal.} 39. Kf3 Rb8 40. h5 Rg8 41. Rc2 Rb8 42. Rg2 Rg8 43. Rg1 Ke7 44. Rc1 Kd6 {[%emt 0:00:02] Prevents Rc7} 45. Rc2 Rh8 46. b4 {[%emt 0:00:14] Hoping for Rc5.} axb3 $1 47. axb3 Ra8 48. Rd2+ Ke7 49. Rd4 Rc8 50. Ke3 e5 51. fxe5 fxe5 52. Rd5 Rc3+ 53. Kd2 Rxb3 {[%emt 0:00:03] Threatens to win with ...Kf6.} 54. Rxe5+ Kf6 55. Rf5+ Kg7 56. g5 hxg5 57. Rxg5+ Kh6 58. Rf5 Kg7 59. Kc2 Re3 60. Rxb5 Rxe4 61. Kd3 Rh4 62. Ke3 Kh6 63. Rf5 Rxh5 64. Rxf7 Kg6 65. Rf4 Rf5 66. Rxf5 Kxf5 {[%emt 0:00:00] Weighted Error Value: White=0.04 (flawless) /Black=0.04 (flawless)} 1/2-1/2

[Event "AI Cup Div-1 2023"]
[Site "Online"]
[Date "2023.09.27"]
[Round "52.1"]
[White "Nepomniachtchi, Ian"]
[Black "Firouzja, Alireza"]
[Result "0-1"]
[Annotator "TA"]
[ECO "C58"]
[WhiteElo "2771"]
[BlackElo "2777"]
[PlyCount "172"]
[EventDate "2023.09.18"]
[EventType "k.o."]
[EventCountry "NET"]
[SourceTitle "playchess.com"]
[Source "ChessBase"]
[SourceQuality "1"]
[TimeControl "900+3"]

1. e4 e5 2. Nf3 Nc6 3. Bc4 Nf6 4. Ng5 d5 5. exd5 Na5 6. Bb5+ c6 7. dxc6 bxc6 8. Bd3 Nd5 {[%emt 0:00:02] Dodges Nc3. C58: Two Knights: 4 Ng5 d5 5 exd5 Na5 sidelines.} 9. h4 (9. Qh5 $2 g6 10. Nxf7 gxh5 $17) 9... h6 $1 {[%emt 0:01:23][%mdl 4] is currently scoring better than 9...Nf4.} 10. Qh5 Qf6 {[%emt 0:00:19] ...Nf4 would be deadly. White is slightly better.} 11. Ne4 Qe6 12. b3 g6 13. Qe2 f5 14. Nec3 Nf4 15. Qf1 e4 (15... Bb7 $11) 16. Be2 $14 Bg7 17. Bb2 $1 Nd3+ {[%emt 0:01:31] [#]} 18. cxd3 $146 ({Predecessor:} 18. Bxd3 exd3+ 19. Kd1 dxc2+ 20. Kxc2 O-O 21. Na3 Rb8 22. Nc4 f4 23. Re1 Qf5+ 24. Ne4 {1-0 Marrujo Pardo,M (2238)-Amigo Quintana,A (2116) CHI-ch Santiago de Chile 2023 (4)}) 18... exd3 {[%emt 0:00:00][%cal Oc8a6][%mdl 64] [#] Pin} 19. Kd1 $1 dxe2+ 20. Qxe2 Qxe2+ 21. Kxe2 Ba6+ 22. Kd1 O-O-O 23. Na4 Bxb2 24. Nxb2 Rd4 25. Kc2 Rhd8 (25... c5 {with more complications.} 26. Na4 Bd3+ 27. Kc3 Rhd8) 26. h5 g5 27. Re1 Nb7 28. Re5 (28. Re6 $5 R8d6 29. Rxd6 Nxd6 30. Nc3 $14) 28... Rf4 29. f3 Bf1 30. g4 fxg4 {[%emt 0:00:26] Black is much more active. The white rooks are badly placed.} ({Black should try} 30... Nd6 $15 31. d3 fxg4 32. fxg4 (32. Nd2 Bh3 $15) 32... Bh3) 31. fxg4 $11 Bh3 32. Nc3 (32. Re6 $11 {feels stronger.}) 32... Bxg4 $15 (32... Rxg4 33. Nc4 $11) 33. Nc4 Bf5+ ({Don't play} 33... Bxh5 34. Re6 $11) 34. Kb2 Bd3 (34... Nd6 $5 35. Ne3 Bd7 $15) 35. Re6 Bxc4 {[%emt 0:00:07][%mdl 64] Discovered Attack} 36. Rxc6+ Kb8 37. Rxc4 Rxd2+ 38. Ka3 Rxc4 39. bxc4 {[%emt 0:00:00][%mdl 4096] Endgame KRN-KRN} Rd3 40. Kb3 Na5+ 41. Kc2 Rh3 42. Rf1 Rxh5 43. c5 g4 44. Ne4 Nb7 45. Rf8+ Kc7 46. Rf7+ (46. Rg8 $1 $11) 46... Kc6 $17 47. Rg7 Nxc5 48. Rg6+ Kc7 49. Rg7+ Kb6 50. Rg6+ Ka5 51. Rxg4 Nxe4 52. Rxe4 {[%emt 0:00:02] KR-KR} Kb5 53. Re7 a5 54. Rh7 $2 (54. Kb3 $17 {is a better chance.}) 54... Rh2+ 55. Kb3 {[%emt 0:00:01] [#]} a4+ $2 (55... Rh3+ $1 $19 56. Kb2 Ka4) 56. Ka3 $15 Rh3+ 57. Kb2 a3+ 58. Kc2 Kc5 59. Rh8 h5 60. Ra8 Kc4 {[%emt 0:00:04] White must now prevent ...Rh2+.} 61. Ra4+ Kb5 62. Ra8 h4 63. Rh8 (63. Rf8 $17 {keeps fighting.}) 63... Kc4 $19 64. Rc8+ Kd5 65. Ra8 Rg3 66. Ra5+ Ke6 67. Kd2 $2 (67. Rh5 h3 68. Kd1) 67... h3 $2 (67... Rg2+ 68. Kc3 Rxa2) 68. Rh5 Kf6 {[%emt 0:00:04] aiming for ...Rg2+.} 69. Ke2 Kg6 70. Rh8 {[%emt 0:00:02] Threatening mate with Rg8+.} Rc3 71. Kd2 {[%emt 0:00:04] [#]} Kg7 $1 72. Rh4 Rg3 {[%emt 0:00:01] And now ...Rg2+ would win.} 73. Ke2 Kf6 $2 (73... Rg2+ $19 74. Kf3 Rxa2 75. Rxh3 Ra1) 74. Kf2 $2 (74. Rh5 $1 $11 Kg6 75. Rh8) 74... Rc3 75. Kg1 Ke5 76. Kh2 Kd5 ({Don't go for} 76... Rc2+ $2 77. Kh1 $19) 77. Rf4 Rc2+ 78. Kxh3 Rxa2 {[%emt 0:00:00] ( -> ...Rc2)} 79. Kg3 $2 (79. Rf3 $19) 79... Rb2 {[%emt 0:00:06] Black mates.} 80. Ra4 a2 81. Kf3 Kc5 82. Ke3 Kb5 83. Ra8 Kc4 84. Ra7 Kc3 85. Rc7+ Kb3 86. Ra7 Kc2 {[%emt 0:00:02] Weighted Error Value: White=0.20 (precise) /Black=0.15 (very precise)} 0-1